 Dungeon Crawl Stone Soup version 0.27.0-1-g7a089689b8 (webtiles) character file.

Game seed: 6236942581814842753

58 lmSkywalker the Ruffian (level 3, -6/33 HPs)
             Began as a Troll Warper on Aug 9, 2021.
             Mangled by Sigmund (10 damage)
             ... on level 2 of the Dungeon.
             The game lasted 00:03:18 (1146 turns).

lmSkywalker the Ruffian (Troll Warper)              Turns: 1146, Time: 00:03:18

Health: -6/33      AC:  4    Str: 19    XL:     3   Next: 75%
Magic:  3/3        EV:  9    Int: 10    God:
Gold:   109        SH:  0    Dex:  9    Spells: 2/4 levels left

rFire    . . .     SeeInvis .     - Unarmed
rCold    . . .     Faith    .   (no shield)
rNeg     . . .     Spirit   .   a - +0 robe
rPois    .         Reflect  .   (helmet restricted)
rElec    .         Harm     .   (no cloak)
rCorr    .         Rampage  .   (gloves unavailable)
Will     .....                  (boots unavailable)
Stlth    +.........             (no amulet)
HPRegen  1.11/turn              (no ring)
MPRegen  0.08/turn              (no ring)

@: no status effects
A: large, unfitting armour, claws 3, regeneration 1, shaggy fur 1, tough skin 1
a: no special abilities


You were on level 2 of the Dungeon.
You visited 1 branch of the dungeon, and saw 2 of its levels.

You collected 109 gold pieces.

Inventory:

Missiles
 c - 5 boomerangs of dispersal (quivered)
Armour
 a - a +0 robe (worn)
Jewellery
 l - a ring of resist corrosion
Scrolls
 b - a scroll of blinking
 e - a scroll of magic mapping {unknown}
 f - a scroll of teleportation {unknown}
 g - a scroll of acquirement {unknown}
 i - a scroll of identify {unknown}
 j - a scroll of fear {unknown}
 k - a scroll of enchant armour {unknown}
Potions
 d - a potion of heal wounds {unknown}
 h - a potion of curing {unknown}


   Skills:
 - Level 1.5 Fighting
 - Level 0.8 Throwing
 - Level 1.9 Dodging
 + Level 4.1 Unarmed Combat
 - Level 1.2 Spellcasting
 - Level 2.1 Translocations


You had 2 spell levels left.
You knew the following spells:

 Your Spells              Type           Power      Damage    Failure   Level
a - Blink                 Tloc           N/A        N/A       21%         2

Your spell library contained the following spells:

 Spells                   Type           Power      Damage    Failure   Level
 Gell's Gravitas          Tloc           2%         N/A       38%         3
 Lesser Beckoning         Tloc           2%         N/A       38%         3
 Teleport Other           Tloc           5%         N/A       38%         3
 Manifold Assault         Tloc           5%         N/A       98%         5
 Dispersal                Tloc           2%         N/A       100%        6


Dungeon Overview and Level Annotations

Branches:
Dungeon (2/15)

Altars:
Gozag

Annotations:
D:2 Sigmund


Innate Abilities, Weirdness & Mutations

You are too large for most types of armour.
You have claws for hands.
Your natural rate of healing is unusually fast.
You are covered in fur. (AC +1)
You have tough skin. (AC +1)


Message History

A jackal comes into view.
The jackal barks!
A jackal is nearby!
A jackal is nearby!
The jackal bites you.
You closely miss the jackal.
The jackal bites you but does no damage.
You claw the jackal!
You kill the jackal!
A jackal comes into view.
The jackal moves out of view.
No target in view!
No target in view!
No target in view!
Sigmund shouts!
You hear a bark!
A jackal comes into view.
Sorry, you're not good enough to have a special ability.
Sigmund hits you with a +0 scythe.
You completely miss Sigmund. Sigmund gestures at you while chanting.
You are confused.
You barely miss Sigmund. Sigmund hits you with a +0 scythe!
You bump into the rock wall.
Sigmund laughs darkly.
Sigmund gestures at you while chanting. You resist with significant effort.
You bump into the rock wall.
Sigmund barely misses you.
You bump into the rock wall.
Sigmund hits you but does no damage.
You bump into the rock wall.
Sigmund hits you with a +0 scythe!
You're too confused to move!
Sigmund barely misses you.
You bump into the rock wall.
You feel less confused. Sigmund hits you with a +0 scythe.
You closely miss Sigmund. Sigmund hits you with a +0 scythe.
You scratch Sigmund.
Sigmund is lightly wounded.
Sigmund hits you with a +0 scythe!
* * * LOW HITPOINT WARNING * * *
Sigmund hits you from afar with a +0 scythe!
You die...

###### #.....
#########.....
#.............
#.#######.....
###########
#####.#######.....
..........#
#...........)...##
#########.#
#@###..#######..## #.#
#.# #..# #.... #.# #@#
#†.# #....
######.######h#.....
..###
##...............#.#..##
#..#
...######..####.##.##.#
..# #### #..# #. # #.#
#..####. #.. #.....#.
...


You could see Sigmund and a jackal.

Vanquished Creatures
  2 adders (D:2)
  3 bats
  An endoplasm (D:1)
  2 giant cockroaches
  5 hobgoblins (D:1)
  7 jackals
  2 quokkas (D:1)
  2 ball pythons
  5 frilled lizards
  2 goblins
  5 kobolds
  A rat (D:2)
37 creatures vanquished.

Notes
Turn   | Place    | Note
-------+----------+-------------------------------------------
     0 | D:1      | lmSkywalker the Troll Warper began the quest for the Orb.
     0 | D:1      | Reached XP level 1. HP: 19/19 MP: 1/1
   281 | D:1      | Reached XP level 2. HP: 27/27 MP: 2/2
   284 | D:1      | Learned a level 2 spell: Blink
   403 | D:1      | Reached skill level 3 in Unarmed Combat
   709 | D:1      | Found a faded altar of an unknown god.
   880 | D:2      | Reached XP level 3. HP: 32/33 MP: 3/3
   910 | D:2      | Noticed Sigmund
  1011 | D:2      | Reached skill level 4 in Unarmed Combat
  1014 | D:2      | Found an opulent altar of Gozag.
  1146 | D:2      | Mangled by Sigmund

Illustrated notes

Levels and vault maps discovered:
D:1:      heliophobic_arrival_ceremonial_halls, layout_basic,
          dreamdust_ecumenical_altar_angels_and_demons
D:2:      layout_loops_ring, basic_altar, minmay_tripent, uniq_sigmund

Skill      XL: |  1  2  3 |
---------------+----------+-----
Unarmed Combat | 3 4 |  4.1
Fighting       | |  1.5
Throwing       | |  0.8
Dodging        | |  1.9
Spellcasting   | |  1.2
Translocations | |  2.1

Action                   || total
-------------------------++-------
Melee: Unarmed           ||    90
Armor: Robe              ||    34
Dodge: Dodged            ||    44
